TOP OF THE 1ST |
Utica Unicorns batting - Pitching for Chattanooga Chinpokomon : RHP Claudio Ramírez
|
Pitching: RHP Claudio Ramírez
|
|
Batting: RHB John Jones
|
0-0: Foul Ball, location: 2F 0-1: Ground out 4-3 (Groundball, 4M)
|
Batting: LHB Raúl Morales
|
0-0: Foul Ball, location: 2F 0-1: Swinging Strike 0-2: Ball 1-2: Ball 2-2: Strikes out swinging
|
Batting: LHB Dave Reynolds
|
0-0: Called Strike 0-1: Swinging Strike 0-2: Ball 1-2: Foul Ball, location: 2F 1-2: Foul Ball, location: 2F 1-2: Ball 2-2: Ball 3-2: Base on Balls
|
Batting: LHB José Román
|
0-0: Ball 1-0: Foul Ball, location: 2F 1-1: Fly out, F8 (Flyball, 8LXD)
|
Top of the 1st over - 0 runs, 0 hits, 0 errors, 1 left on base; Utica 0 - Chattanooga 0 |
BOTTOM OF THE 1ST |
Chattanooga Chinpokomon batting - Pitching for Utica Unicorns : RHP Rafael Sánchez
|
Pitching: RHP Rafael Sánchez
|
|
Batting: LHB Elvin Summers
|
0-0: Ball 1-0: SINGLE (Line Drive, 8RS)
|
Batting: RHB Ricardo Salazar
|
0-0: Foul Ball, location: 2F 0-1: Foul Ball, location: 2F 0-2: Ball 1-2: Ball 2-2: SINGLE (Groundball, 34D) Elvin Summers to second Runner from 2nd tries for 3rd, SAFE, no throw
|
Batting: RHB Jesús Tisnado
|
0-0: Ball 1-0: Fly out, F6 (Popup, 6M)
|
Batting: RHB Luis Antonio Velásquez
|
0-0: Foul Ball, location: 2F 0-1: Ball 1-1: Swinging Strike 1-2: Foul Ball, location: 2F 1-2: Foul Ball, location: 2F 1-2: SINGLE (Groundball, 34) (infield hit) Elvin Summers scores Ricardo Salazar to second
|
Batting: RHB Jeffrey Hicks
|
0-0: Ball 1-0: Ball Wild Pitch! Ricardo Salazar to third Luis Antonio Velásquez to second 2-0: Ball 3-0: Called Strike 3-1: Foul Ball, location: 2F 3-2: Strikes out swinging
|
Batting: RHB Gustavo Medine
|
0-0: Ball 1-0: Foul Ball, location: 2F 1-1: Ball 2-1: Foul Ball, location: 2F 2-2: Fly out, F4 (Flyball, 4D)
|
Bottom of the 1st over - 1 run, 3 hits, 0 errors, 2 left on base; Utica 0 - Chattanooga 1 |
TOP OF THE 2ND |
Utica Unicorns batting - Pitching for Chattanooga Chinpokomon : RHP Claudio Ramírez
|
Batting: RHB Kenny Cole
|
0-0: Called Strike 0-1: SINGLE (Line Drive, 6MD)
|
Batting: SHB Ralph Robison
|
0-0: Called Strike 0-1: Foul Ball, location: 2F 0-2: Grounds into double play, 4-6-3 (Groundball, 4D)
|
Batting: RHB Micheal Banks
|
0-0: Ball 1-0: Called Strike 1-1: Ball 2-1: SINGLE (Groundball, 56D)
|
Batting: RHB Juan Caceres
|
0-0: Ball 1-0: Ball 2-0: Ball 3-0: Base on Balls Micheal Banks to second
|
Batting: RHB Pablo Díaz
|
0-0: Ball 1-0: Ball 2-0: Foul Ball, location: 2F 2-1: Ground out U3 (Groundball, 34S)
|
Top of the 2nd over - 0 runs, 2 hits, 0 errors, 2 left on base; Utica 0 - Chattanooga 1 |
BOTTOM OF THE 2ND |
Chattanooga Chinpokomon batting - Pitching for Utica Unicorns : RHP Rafael Sánchez
|
Batting: LHB Mario Cornelo
|
0-0: Ground out 3-1 (Groundball, 34)
|
Batting: RHB Jorge Mora
|
0-0: Ball 1-0: Ball 2-0: Called Strike 2-1: Ground out U3 (Groundball, 3L)
|
Batting: RHB Irving Galloway
|
0-0: Foul Ball, location: 2F 0-1: SINGLE (Line Drive, 8RS)
|
Batting: LHB Elvin Summers
|
0-0: Ground out 1-3 (Groundball, 13S)
|
Bottom of the 2nd over - 0 runs, 1 hit, 0 errors, 1 left on base; Utica 0 - Chattanooga 1 |
TOP OF THE 3RD |
Utica Unicorns batting - Pitching for Chattanooga Chinpokomon : RHP Claudio Ramírez
|
Batting: RHB John Jones
|
0-0: Called Strike 0-1: Ball 1-1: Foul Ball, location: 2F 1-2: Ball 2-2: Foul Ball, location: 2F 2-2: Strikes out swinging
|
Batting: LHB Raúl Morales
|
0-0: Called Strike 0-1: Foul Ball, location: 2F 0-2: Ball 1-2: Ball 2-2: Fly out, F5 (Popup, 5)
|
Batting: LHB Dave Reynolds
|
0-0: Ball 1-0: Ball 2-0: Ball 3-0: Called Strike 3-1: Base on Balls
|
Batting: LHB José Román
|
0-0: Swinging Strike 0-1: Foul Ball, location: 2F 0-2: Foul Ball, location: 2F 0-2: Foul Ball, location: 2F 0-2: Ball 1-2: Fly out, F8 (Flyball, 8LM)
|
Top of the 3rd over - 0 runs, 0 hits, 0 errors, 1 left on base; Utica 0 - Chattanooga 1 |
BOTTOM OF THE 3RD |
Chattanooga Chinpokomon batting - Pitching for Utica Unicorns : RHP Rafael Sánchez
|
Batting: RHB Ricardo Salazar
|
0-0: Ball 1-0: SINGLE (Groundball, 6MD)
|
Batting: RHB Jesús Tisnado
|
0-0: Called Strike 0-1: Swinging Strike 0-2: Ball 1-2: Ball 2-2: Strikes out swinging
|
Batting: RHB Luis Antonio Velásquez
|
0-0: Called Strike 0-1: Ball 1-1: Ball 2-1: Swinging Strike 2-2: SINGLE (Groundball, 3L) (infield hit) Ricardo Salazar to second
|
Batting: RHB Jeffrey Hicks
|
0-0: Foul Ball, location: 2F 0-1: Ball 1-1: Ball 2-1: Fly out, F5 (Popup, 56D)
|
Batting: RHB Gustavo Medine
|
0-0: Called Strike 0-1: Foul Ball, location: 2F 0-2: Strikes out swinging
|
Bottom of the 3rd over - 0 runs, 2 hits, 0 errors, 2 left on base; Utica 0 - Chattanooga 1 |
TOP OF THE 4TH |
Utica Unicorns batting - Pitching for Chattanooga Chinpokomon : RHP Claudio Ramírez
|
Batting: RHB Kenny Cole
|
0-0: Called Strike 0-1: DOUBLE (Line Drive, 9LS)
|
Batting: SHB Ralph Robison
|
0-0: Foul Ball, location: 2F 0-1: Ball 1-1: Ball 2-1: SINGLE (Line Drive, 89S) Kenny Cole to third
|
Batting: RHB Micheal Banks
|
0-0: Ball 1-0: Called Strike 1-1: Called Strike 1-2: Foul Ball, location: 2F 1-2: Strikes out swinging
|
Batting: RHB Juan Caceres
|
0-0: Called Strike 0-1: Called Strike 0-2: Ground out 4-3 (Groundball, 4S) Kenny Cole scores Ralph Robison to second
|
Batting: RHB Pablo Díaz
|
0-0: Called Strike 0-1: Foul Ball, location: 2F 0-2: DOUBLE (Line Drive, 7LM) Ralph Robison scores
|
Batting: RHB John Jones
|
0-0: Called Strike 0-1: Ground out 5-3 (Groundball, 56S)
|
Top of the 4th over - 2 runs, 3 hits, 0 errors, 1 left on base; Utica 2 - Chattanooga 1 |
BOTTOM OF THE 4TH |
Chattanooga Chinpokomon batting - Pitching for Utica Unicorns : RHP Rafael Sánchez
|
Batting: LHB Mario Cornelo
|
0-0: Foul Ball, location: 2F 0-1: Swinging Strike 0-2: Ball 1-2: Foul Ball, location: 2F 1-2: Ball 2-2: Strikes out swinging
|
Batting: RHB Jorge Mora
|
0-0: Ball 1-0: Called Strike 1-1: Called Strike 1-2: Ball 2-2: Ball 3-2: Ground out 3-1 (Groundball, 34)
|
Batting: RHB Irving Galloway
|
0-0: Called Strike 0-1: Foul Ball, location: 2F 0-2: Ball 1-2: Strikes out swinging
|
Bottom of the 4th over - 0 runs, 0 hits, 0 errors, 0 left on base; Utica 2 - Chattanooga 1 |
TOP OF THE 5TH |
Utica Unicorns batting - Pitching for Chattanooga Chinpokomon : RHP Claudio Ramírez
|
Batting: LHB Raúl Morales
|
0-0: Ground out 3-1 (Groundball, 34)
|
Batting: LHB Dave Reynolds
|
0-0: Foul Ball, location: 2F 0-1: Ball 1-1: Called Strike 1-2: SINGLE (Line Drive, 3D)
|
Batting: LHB José Román
|
0-0: Ball 1-0: Ball 2-0: Ball 3-0: Foul Ball, location: 2F 3-1: Swinging Strike 3-2: Strikes out swinging
|
Batting: RHB Kenny Cole
|
0-0: Called Strike Dave Reynolds steals 2nd base 0-1: SINGLE (Groundball, 56D) Dave Reynolds to third Runner from 3rd tries for Home, SAFE, no throw
|
Pitching: LHP Félix García
|
|
Batting: SHB Ralph Robison
|
0-0: Ball 1-0: Ball 2-0: Ball 3-0: Called Strike 3-1: Base on Balls Kenny Cole to second
|
Batting: RHB Micheal Banks
|
0-0: Ball 1-0: Swinging Strike 1-1: Ground out 5-3 (Groundball, 56S)
|
Top of the 5th over - 1 run, 2 hits, 0 errors, 2 left on base; Utica 3 - Chattanooga 1 |
BOTTOM OF THE 5TH |
Chattanooga Chinpokomon batting - Pitching for Utica Unicorns : RHP Rafael Sánchez
|
Batting: LHB Elvin Summers
|
0-0: Foul Ball, location: 2F 0-1: Swinging Strike 0-2: SOLO HOME RUN (Flyball, 9LD), Distance : 350 ft
|
Batting: RHB Ricardo Salazar
|
0-0: Ball 1-0: Foul Ball, location: 2F 1-1: Ball 2-1: Ball 3-1: Ground out 1-3 (Groundball, 13)
|
Pitching: RHP Don Wiggins
|
|
Batting: RHB Jesús Tisnado
|
0-0: SINGLE (Flyball, 8LS)
|
Batting: RHB Luis Antonio Velásquez
|
0-0: Foul Ball, location: 2F 0-1: Ball 1-1: Ball 2-1: SINGLE (Groundball, 56D) Jesús Tisnado to second
|
Batting: RHB Jeffrey Hicks
|
0-0: Ball 1-0: Ball 2-0: Called Strike 2-1: SINGLE (Groundball, 4) (infield hit) Jesús Tisnado to third Luis Antonio Velásquez to second
|
Batting: RHB Gustavo Medine
|
0-0: Ball 1-0: Ball 2-0: Called Strike 2-1: Fly out, F9 (Flyball, 89XD) Runner from 3rd tags up, SCORES, no throw Luis Antonio Velásquez to third
|
Batting: LHB Mario Cornelo
|
0-0: Called Strike 0-1: Foul Ball, location: 2F 0-2: Strikes out looking
|
Bottom of the 5th over - 2 runs, 4 hits, 0 errors, 2 left on base; Utica 3 - Chattanooga 3 |
TOP OF THE 6TH |
Utica Unicorns batting - Pitching for Chattanooga Chinpokomon : LHP Félix García
|
Batting: RHB Juan Caceres
|
0-0: Ball 1-0: SOLO HOME RUN (Flyball, 9LD), Distance : 363 ft
|
Batting: RHB Pablo Díaz
|
0-0: Called Strike 0-1: Foul Ball, location: 2F 0-2: Strikes out swinging
|
Batting: RHB John Jones
|
0-0: Ball 1-0: Ball 2-0: Ball 3-0: Called Strike 3-1: Fly out, F4 (Line Drive, 4M)
|
Batting: LHB Raúl Morales
|
0-0: Ground out U3 (Groundball, 3)
|
Top of the 6th over - 1 run, 1 hit, 0 errors, 0 left on base; Utica 4 - Chattanooga 3 |
BOTTOM OF THE 6TH |
Chattanooga Chinpokomon batting - Pitching for Utica Unicorns : RHP Don Wiggins
|
Batting: RHB Jorge Mora
|
0-0: Called Strike 0-1: Reached on error, E5 (Groundball, 56)
|
Batting: RHB Irving Galloway
|
0-0: Swinging Strike 0-1: Ball 1-1: SINGLE (Line Drive, 6MD) Jorge Mora to second
|
Batting: LHB Elvin Summers
|
0-0: Fielders Choice at 2nd, 6-4 (Groundball, 6) Jorge Mora to third
|
Batting: RHB Ricardo Salazar
|
0-0: Ball 1-0: Ball 2-0: Called Strike 2-1: DOUBLE (Flyball, 89D) Jorge Mora scores Elvin Summers to third Runner from 3rd tries for Home, SAFE, no throw
|
Pitching: RHP Robinson Ramírez
|
|
Batting: RHB Jesús Tisnado
|
0-0: Called Strike 0-1: SINGLE (Groundball, 34D) Ricardo Salazar to third Runner from 3rd tries for Home, SAFE, no throw
|
Batting: RHB Luis Antonio Velásquez
|
0-0: Foul Ball, location: 2F 0-1: Ball 1-1: Called Strike 1-2: Strikes out looking
|
Batting: RHB Jeffrey Hicks
|
0-0: Ball 1-0: Called Strike 1-1: Swinging Strike 1-2: Ball 2-2: Ground out 4-3 (Groundball, 4)
|
Bottom of the 6th over - 3 runs, 3 hits, 1 error, 1 left on base; Utica 4 - Chattanooga 6 |
TOP OF THE 7TH |
Utica Unicorns batting - Pitching for Chattanooga Chinpokomon : LHP Félix García
|
Batting: LHB Dave Reynolds
|
0-0: Foul Ball, location: 2F 0-1: Foul Ball, location: 2F 0-2: Ball 1-2: SINGLE (Line Drive, 4)
|
Batting: LHB José Román
|
0-0: Ball 1-0: Ball 2-0: Ball 3-0: Base on Balls Dave Reynolds to second
|
Batting: RHB Kenny Cole
|
0-0: Ball 1-0: Ball 2-0: Foul Ball, location: 2F 2-1: Foul Ball, location: 2F 2-2: DOUBLE (Line Drive, 78XD) Dave Reynolds scores José Román to third
|
Pitching: LHP Bob Quested
|
|
Batting: SHB Ralph Robison
|
0-0: SINGLE (Flyball, 9LS) José Román scores Kenny Cole to third
|
Batting: RHB Micheal Banks
|
0-0: Ball 1-0: Fly out, F8 (Flyball, 8LD) Runner from 3rd tags up, SCORES, throw made
|
Batting: RHB Juan Caceres
|
0-0: Ball 1-0: Ball 2-0: Ball 3-0: Called Strike 3-1: Called Strike 3-2: Foul Ball, location: 2F 3-2: Base on Balls Ralph Robison to second
|
Batting: RHB Pablo Díaz
|
0-0: Foul Ball, location: 2F 0-1: Fly out, F8 (Flyball, 8RS)
|
Batting: RHB John Jones
|
0-0: Ball 1-0: Ball 2-0: Called Strike 2-1: Foul Ball, location: 2F 2-2: Foul Ball, location: 2F 2-2: SINGLE (Groundball, 34S) (infield hit) Ralph Robison to third Juan Caceres to second
|
Pinch Hitting: RHB Mitsuoki Taguchi
|
0-0: Ball 1-0: Called Strike 1-1: Ball 2-1: Foul Ball, location: 2F 2-2: Ball 3-2: Ground out 1-3 (Groundball, 13)
|
Top of the 7th over - 3 runs, 4 hits, 0 errors, 3 left on base; Utica 7 - Chattanooga 6 |
BOTTOM OF THE 7TH |
Chattanooga Chinpokomon batting - Pitching for Utica Unicorns : RHP Robinson Ramírez
|
Now at 2B: Mitsuoki Taguchi
|
|
Batting: RHB Gustavo Medine
|
0-0: Foul Ball, location: 2F 0-1: Called Strike 0-2: Ball 1-2: SINGLE (Line Drive, 5L)
|
Batting: LHB Mario Cornelo
|
0-0: Fielders Choice at 2nd, 3-6 (Groundball, 3)
|
Batting: RHB Jorge Mora
|
0-0: Ball 1-0: Reached on error, E5 (Groundball, 5L) Mario Cornelo to second
|
Pinch Hitting: LHB Ramiro Muñóz
|
0-0: Ball Mario Cornelo steals 3rd base Jorge Mora to second 1-0: Ball 2-0: SINGLE (Groundball, 6D) Mario Cornelo scores Jorge Mora to third Runner from 3rd tries for Home, SAFE, no throw
|
Batting: LHB Elvin Summers
|
0-0: Fly out, F9 (Flyball, 9S)
|
Batting: RHB Ricardo Salazar
|
0-0: Called Strike 0-1: Ball 1-1: Ball 2-1: Swinging Strike 2-2: Ball 3-2: Strikes out looking
|
Bottom of the 7th over - 2 runs, 2 hits, 1 error, 1 left on base; Utica 7 - Chattanooga 8 |
TOP OF THE 8TH |
Utica Unicorns batting - Pitching for Chattanooga Chinpokomon : LHP Bob Quested
|
Now at SS: Jesús Ramírez
|
|
Batting: LHB Dave Reynolds
|
0-0: Swinging Strike 0-1: Ball 1-1: SINGLE (Flyball, 8RS)
|
Batting: LHB José Román
|
0-0: Called Strike 0-1: Fly out, F8 (Flyball, 8LD)
|
Batting: RHB Kenny Cole
|
0-0: Ball 1-0: Ball 2-0: Ball 3-0: Called Strike 3-1: Called Strike 3-2: Foul Ball, location: 2F 3-2: Base on Balls Dave Reynolds to second
|
Batting: SHB Ralph Robison
|
0-0: Called Strike 0-1: Foul Ball, location: 2F 0-2: Grounds into double play, 6-4-3 (Groundball, 56)
|
Top of the 8th over - 0 runs, 1 hit, 0 errors, 1 left on base; Utica 7 - Chattanooga 8 |
BOTTOM OF THE 8TH |
Chattanooga Chinpokomon batting - Pitching for Utica Unicorns : RHP Robinson Ramírez
|
Batting: RHB Jesús Tisnado
|
0-0: Ball 1-0: Ball 2-0: Ball 3-0: Base on Balls
|
Batting: RHB Luis Antonio Velásquez
|
0-0: SINGLE (Groundball, 6MD) Jesús Tisnado to second
|
Pinch Runner at 2nd Roberto Martínez:
|
|
Batting: RHB Jeffrey Hicks
|
0-0: Ball 1-0: Ball 2-0: Fielders Choice at 2nd, 6-4 (Groundball, 6M) Roberto Martínez to third
|
Batting: RHB Gustavo Medine
|
0-0: Called Strike 0-1: Swinging Strike 0-2: SINGLE (Flyball, 9S) Roberto Martínez scores Jeffrey Hicks to second Runner from 2nd tries for 3rd, SAFE, throw made to third
|
Pitching: LHP Pancho Guerrero
|
|
Pinch Hitting: RHB Felipe Rego
|
0-0: Foul Ball, location: 2F 0-1: SINGLE (Groundball, 56D) Jeffrey Hicks scores Gustavo Medine to second
|
Batting: RHB Jorge Mora
|
0-0: Foul Ball, location: 2F 0-1: Foul Ball, location: 2F 0-2: Ball 1-2: Ball 2-2: Strikes out swinging
|
Batting: RHB Jesús Ramírez
|
0-0: Ball 1-0: Ball 2-0: Reached via error on a dropped throw, E1 Gustavo Medine to third Felipe Rego to second
|
Pinch Hitting: RHB Jim Beck
|
0-0: Ball 1-0: Fly out, F8 (Flyball, 8RM)
|
Bottom of the 8th over - 2 runs, 3 hits, 1 error, 3 left on base; Utica 7 - Chattanooga 10 |
TOP OF THE 9TH |
Utica Unicorns batting - Pitching for Chattanooga Chinpokomon : LHP Bob Quested
|
Pitching: RHP Renaldo Quilh
|
|
Now at 1B: Luis Maldonado
|
|
Now at 2B: Roberto Martínez
|
|
Now in RF: Felipe Rego
|
|
Batting: RHB Micheal Banks
|
0-0: Swinging Strike 0-1: Ground out 5-3 (Groundball, 56)
|
Batting: RHB Juan Caceres
|
0-0: Called Strike 0-1: Ball 1-1: Called Strike 1-2: Foul Ball, location: 2F 1-2: Strikes out swinging
|
Batting: RHB Pablo Díaz
|
0-0: Ground out 3-1 (Groundball, 34)
|
Top of the 9th over - 0 runs, 0 hits, 0 errors, 0 left on base; Utica 7 - Chattanooga 10 |
|